 Dungeon Crawl Stone Soup version 0.28.0-53-g5a82cb258f (webtiles) character file.

Game seed: 3193077495463834346

3857 DildoBatman the Blocker (level 10, -6/74 HPs)
             Began as a Formicid Conjurer on July 4, 2022.
             Was a Believer of Kikubaaqudgha.
             Mangled by a centaur warrior zombie (7 damage)
             ... on level 8 of the Dungeon.
             The game lasted 00:33:09 (9409 turns).

DildoBatman the Blocker (Formicid Conjurer)         Turns: 9409, Time: 00:33:09

Health: -6/74      AC:  5    Str: 11    XL:     10   Next: 41%
Magic:  10/19      EV: 10    Int: 21    God:    Kikubaaqudgha [**....]
Gold:   280        SH: 13    Dex: 13    Spells: 13/21 levels left

rFire   . . .      SeeInvis +   a - +7 falchion (venom)
rCold   . . .      Faith    .   B - +2 kite shield
rNeg    . . .      Spirit   .   k - +2 leather armour {rPois}
rPois   +          Reflect  .   (helmet unavailable)
rElec   .          Harm     .   (no cloak)
rCorr   .          Rampage  .   (no gloves)
Will    +....                   (no boots)
Stlth   ++........              (no amulet)
HPRegen 0.22/turn               (no ring)
MPRegen 0.16/turn               (no ring)

@: no status effects
A: permanent stasis, dig shafts and tunnels, antennae 3, four strong arms,
talons 1, clever 1
a: Dig, Shaft Self, Renounce Religion, Receive Corpses


You were on level 8 of the Dungeon.
You worshipped Kikubaaqudgha.
Kikubaaqudgha was pleased with you.
You visited 2 branches of the dungeon, and saw 9 of its levels.
You also visited: Sewer.

You collected 376 gold pieces.
You spent 96 gold pieces at shops.

Inventory:

Hand Weapons
 a - a +7 falchion of venom (weapon)
 b - a +0 hunting sling
 d - a +2 mace of venom
Missiles
 c - 81 stones
 o - 126 arrows
 s - 5 poisoned darts
 u - 76 bolts
 y - 30 sling bullets
 G - 3 boomerangs
Armour
 k - a +2 leather armour of poison resistance (worn)
 B - a +2 kite shield (worn)
 L - a +2 robe of willpower
Magical Staves
 i - a staff of cold
Wands
 H - a wand of iceblast (11)
 I - a wand of acid (6)
 J - a wand of flame (18)
Scrolls
 l - 3 scrolls of magic mapping {unknown}
 p - a scroll of enchant armour {unknown}
 r - a scroll of brand weapon
 v - a scroll of fog {unknown}
 w - 4 scrolls of immolation
 z - 3 scrolls of identify
 C - a scroll of noise {unknown}
 D - a scroll of summoning {unknown}
 F - a scroll of amnesia {unknown}
Potions
 e - 2 potions of ambrosia {unknown}
 f - 5 potions of curing
 g - 3 potions of heal wounds
 h - 3 potions of magic {unknown}
 j - 2 potions of degeneration {unknown}
 m - 2 potions of brilliance {unknown}
 q - a potion of invisibility {unknown}
 t - a potion of berserk rage {unknown}
 x - a potion of lignification {unknown}
 A - a potion of resistance {unknown}
 E - a potion of haste {unknown}
 K - a potion of cancellation {unknown}


   Skills:
 - Level 5.0 Fighting
 - Level 6.0 Armour
 - Level 1.7 Dodging
 - Level 2.4 Stealth
 - Level 9.0 Shields
 - Level 6.0 Spellcasting
 - Level 6.0 Conjurations
 * Level 6.0 Necromancy


You had 13 spell levels left.
You knew the following spells:

 Your Spells              Type           Power      Damage    Failure   Level
a - Searing Ray           Conj           62%        2d6       3%          2
c - Magic Dart            Conj           100%       1d8       1%          1
d - Vampiric Draining     Necr           31%        2d8       6%          3
z - Sublimation of Blood  Necr           31%        N/A       3%          2

Your spell library contained the following spells:

 Spells                   Type           Power      Damage    Failure   Level
 Animate Skeleton         Necr           62%        N/A       1%          1
 Pain                     Necr           100%       1d9       1%          1
 Corpse Rot               Necr/Air       36%        N/A       11%         2
 Dazzling Flash           Conj/Hex       36%        N/A       21%         3
 Slow                     Hex            24%        N/A       24%         1
 Ensorcelled Hibernation  Hex/Ice        12%        N/A       34%         2
 Passwall                 Tmut/Erth      5%         N/A       34%         2
 Confusing Touch          Hex            6%         N/A       56%         3
 Summon Guardian Golem    Hex/Summ       6%         N/A       56%         3
 Fulminant Prism          Conj/Hex       9%         3d7       56%         4
 Iskenderun's Mystic Bla  Conj/Tloc      18%        2d6       56%         4
 Lightning Bolt           Conj/Air       9%         1d21      88%         5
 Airstrike                Air            3%         N/A       93%         4
 Summon Lightning Spire   Summ/Air       6%         N/A       93%         4
 Manifold Assault         Tloc           6%         N/A       100%        5
 Starburst                Conj/Fire      9%         6d5       100%        6
 Orb of Destruction       Conj           15%        9d7       100%        7
 Spellforged Servitor     Conj/Summ      9%         N/A       100%        7
 Storm Form               Tmut/Air       3%         N/A       100%        7
 Blink                    Tloc           Unusable   N/A       N/A         2
 Swiftness                Air            Unusable   N/A       N/A         3

Dungeon Overview and Level Annotations

Branches:
Dungeon (8/15)             Temple (1/1) D:4           Sewer (visited)
   Lair: D:8-11

Altars:
Ashenzari
Cheibriados
Dithmenos
Elyvilon
Fedhas
Gozag
Hepliaklqana
Kikubaaqudgha
Makhleb
Nemelex Xobeh
Okawaru
Qazlal
Ru
Sif Muna
Trog
Uskayaw
Vehumet
Wu Jian
Xom
Yredelemnul
Zin
The Shining One

Shops:
D:6 !

Annotations:
D:3 exclusion: dancing weapon
D:5 exclusion: statue
D:6 exclusions: hornet and 2 orc warriors
D:8 exclusion: angel, Maggie


Innate Abilities, Weirdness & Mutations

You cannot be hasted, slowed, berserked, paralysed or teleported.
You can dig through walls and to a lower floor.
You have a pair of large antennae on your head. (SInv)
Your four strong arms can wield two-handed weapons with a shield.
You have sharp toenails.
Your mind is acute. (Int +2)


Message History

The centaur warrior zombie is severely damaged.
The centaur warrior zombie barely misses you.
You block the centaur warrior zombie's attack.
You feel much better.
You block the centaur warrior zombie's attack. x2
You hit the centaur warrior zombie. You claw the centaur warrior zombie.
The centaur warrior zombie is severely damaged.
The centaur warrior zombie barely misses you.
The centaur warrior zombie closely misses you. x2
The centaur warrior zombie kicks you.
You slash the centaur warrior zombie!
You claw the centaur warrior zombie, but do no damage.
The centaur warrior zombie is severely damaged.
The centaur warrior zombie hits you but does no damage.
The centaur warrior zombie kicks you but does no damage.
The centaur warrior zombie hits you!
The centaur warrior zombie kicks you but does no damage.
You hit the centaur warrior zombie.
You claw the centaur warrior zombie, but do no damage.
The centaur warrior zombie is severely damaged.
The centaur warrior zombie hits you!
The centaur warrior zombie kicks you but does no damage.
The centaur warrior zombie barely misses you.
You block the centaur warrior zombie's attack.
Casting: Searing Ray (safe; 3% risk of failure)
Confirm with . or Enter, or press ? or * to list all spells.
Aiming: Searing Ray (safe; 3% risk of failure)
Press: ? - help, Shift-Dir - straight line, f/p - centaur warrior zombie
Aim: a centaur warrior zombie (severely damaged, 98% to hit)
The searing ray hits the centaur warrior zombie.
The centaur warrior zombie is almost destroyed. (Press . to maintain the ray.)
The centaur warrior zombie hits you!
You block the centaur warrior zombie's attack.
The searing ray hits the centaur warrior zombie!
The centaur warrior zombie is almost destroyed.
The centaur warrior zombie hits you!
You die...
Kikubaaqudgha rasps: "You have failed me!
Welcome... death!"

#.......# #######.......####
#......#####.....# #......#
##)##.## #......# #.....##
#......# ####...#
#......##### #...#
#..........### ##..#
#......###.Z@# #..##
####.### ###.####<..# #†##
#......#.######### #..##
######............
####..###............######.
#Z........######......# #.
....(.###..#### #.##.#.###
#. ....@ #.# #. #.....####
..{. .# #. ###....###


You could see a centaur warrior zombie.

Vanquished Creatures
  Prince Ribbit (D:8)
  Sigmund (D:4)
  A wyvern (D:7)
  Edmund (D:1)
  2 water moccasins
  An ice beast (D:8)
  2 necrophages (D:6)
  A sky beast (D:8)
  2 centaurs
  An ogre (D:5)
  2 phantoms
  Blork the orc (D:6)
  3 bullfrogs
  2 scorpions
  10 killer bees
  9 wights (D:7)
  2 jellies
  A bullfrog skeleton (D:5)
  A centaur skeleton (D:5)
  3 orc priests
  2 hounds
  Ijyb (D:3)
  2 iguanas
  15 orc wizards
  A scorpion zombie (D:5)
  A hound skeleton (D:4)
  A mummy (D:4)
  11 adders
  7 gnolls
  A howler monkey skeleton (D:7)
  3 ufetubi (D:7)
  An adder skeleton (D:4)
  2 worms
  25 orcs
  11 ball pythons
  8 endoplasms
  13 giant cockroaches
  4 goblins
  5 hobgoblins
  4 jackals (D:2)
  3 kobolds
  18 quokkas
  4 bats
  13 frilled lizards
  6 rats
209 creatures vanquished.

Notes
Turn   | Place    | Note
-------+----------+-------------------------------------------
     0 | D:1      | DildoBatman the Formicid Conjurer began the quest for the
                  | Orb.
     0 | D:1      | Reached XP level 1. HP: 13/13 MP: 3/3
   257 | D:1      | Reached XP level 2. HP: 19/19 MP: 0/5
   260 | D:1      | Learned a level 2 spell: Searing Ray
   588 | D:2      | Reached XP level 3. HP: 24/25 MP: 1/6
   609 | D:2      | Reached skill level 1 in Fighting
  1555 | D:3      | Reached XP level 4. HP: 31/32 MP: 5/7
  1574 | D:3      | Found a glowing drain.
  1627 | D:3      | Found a sacrificial altar of Ru.
  1707 | D:3      | Found a hide-covered altar of Uskayaw.
  1710 | D:3      | Noticed a +0 dagger
  1711 | D:3      | Noticed a +0 dagger
  1713 | D:3      | Noticed Ijyb
  1811 | Sewer    | Entered a sewer
  1940 | Sewer    | Reached skill level 1 in Armour
  1955 | Sewer    | Reached XP level 5. HP: 38/38 MP: 4/8
  2309 | Sewer    | Noticed a bullfrog
  2309 | Sewer    | Noticed a bullfrog
  2317 | Sewer    | Killed a bullfrog
  2318 | Sewer    | Reached skill level 5 in Conjurations
  2318 | Sewer    | Reached XP level 6. HP: 23/44 MP: 4/11
  3076 | D:4      | Noticed Edmund
  3091 | D:4      | Found a staircase to the Ecumenical Temple.
  3100 | Temple   | Entered the Ecumenical Temple
  3358 | D:4      | Found a snail-covered altar of Cheibriados.
  3626 | D:1      | You fall into a shaft and drop 1 floor!
  3730 | D:4      | Reached XP level 7. HP: 17/44 MP: 5/13
  4745 | D:4      | Reached skill level 5 in Spellcasting
  4838 | D:5      | Entered Level 5 of the Dungeon
  5186 | D:5      | Noticed a water moccasin
  5194 | D:5      | Killed a water moccasin
  5195 | D:5      | Reached skill level 2 in Shields
  5195 | D:5      | Reached XP level 8. HP: 44/56 MP: 6/17
  5341 | D:5      | Reached skill level 3 in Shields
  5525 | D:5      | Found a radiant altar of Vehumet.
  5614 | D:5      | Noticed Sigmund
  5882 | D:5      | Reached skill level 4 in Shields
  6008 | D:5      | Reached skill level 5 in Shields
  6024 | D:5      | Learned a level 3 spell: Vampiric Draining
  6160 | D:6      | Found a basalt altar of Yredelemnul.
  6243 | D:6      | Noticed a hornet
  6250 | D:6      | Found a shimmering altar of Xom.
  6427 | D:6      | Found an ancient bone altar of Kikubaaqudgha.
  6431 | D:6      | Became a worshipper of Kikubaaqudgha
  6439 | D:6      | Reached skill level 6 in Shields
  6673 | D:4      | Killed Sigmund
  6674 | D:4      | Reached skill level 7 in Shields
  6674 | D:4      | Reached XP level 9. HP: 54/61 MP: 7/18
  6748 | D:3      | Reached skill level 8 in Shields
  6898 | D:3      | Killed Ijyb
  7020 | D:1      | Killed Edmund
  7418 | D:6      | Noticed Blork the orc
  7425 | D:6      | Killed Blork the orc
  7426 | D:6      | Reached skill level 9 in Shields
  7510 | D:6      | Found Xumaob's Distillery.
  7515 | D:6      | Bought a potion of mutation for 96 gold pieces
  7515 | D:6      | Gained mutation: You have sharp toenails. [potion of
                  | mutation]
  7515 | D:6      | Gained mutation: Your mind is acute. (Int +2) [potion of
                  | mutation]
  7887 | D:7      | Reached * piety under Kikubaaqudgha
  7887 | D:7      | Received a gift from Kikubaaqudgha
  7891 | D:7      | Learned a level 2 spell: Sublimation of Blood
  8242 | D:7      | Reached skill level 5 in Fighting
  8242 | D:7      | Reached skill level 5 in Armour
  8325 | D:7      | Reached skill level 1 in Necromancy
  8327 | D:7      | Reached XP level 10. HP: 44/74 MP: 8/19
  8670 | D:7      | Reached ** piety under Kikubaaqudgha
  9126 | D:8      | Found a glowing silver altar of Zin.
  9126 | D:8      | Noticed an angel
  9138 | D:8      | Noticed Prince Ribbit
  9180 | D:8      | Killed Prince Ribbit
  9181 | D:8      | Reached skill level 5 in Necromancy
  9381 | D:8      | Noticed Maggie
  9408 | D:8      | HP: 1/74 [centaur warrior zombie (9)]
  9409 | D:8      | Mangled by a centaur warrior zombie

Illustrated notes

Levels and vault maps discovered:
D:1:      nzn_arrival_crosshair, layout_basic
D:2:      layout_loops_corners
D:3:      layout_basic, dancing_weapons_uskayaw, hangedman_ru_absence,
          gup_sewer_entry_pipe, serial_curves, eino_curves_04, eino_curves_03,
          uniq_ijyb
D:4:      layout_layer_cave, slow_altar_1, minmay_temple_entry_gardened_gates,
          uniq_edmund
D:5:      layout_loops_corners, vehumet_statue, minmay_crystal_water,
          minmay_a_box_with_orc_wizards_in_it, uniq_sigmund
D:6:      layout_loops_ring, marbit_many_paths,
          mainiacjoe_overflow_cross_hatched,
          mainiacjoe_overflow_surrounded_room, serial_shops,
          kennysheep_little_box, uniq_blork_the_orc
D:7:      layout_loops_ring
D:8:      layout_rooms, zin_angel, nicolae_elevator_lobby_asterisk,
          uniq_prince_ribbit1, uniq_maggie
Temple:   eino_temple_water

Skill      XL: |  1  2  3  4  5  6  7  8  9 10 |
---------------+-------------------------------+-----
Conjurations   | 4 5 6 |  6.0
Fighting       | 1 2 5 |  5.0
Armour         | 1 2 5 6 |  6.0
Spellcasting   | 3 4 6 |  6.0
Shields        | 2 7 9 |  9.0
Necromancy     | 1 6 |  6.0
Dodging        | |  1.7
Stealth        | |  2.4

Action                   |  1- 3 |  4- 6 |  7- 9 | 10-12 || total
-------------------------+-------+-------+-------+-------++-------
Melee: Unarmed           |     5 |       |       |       ||     5
       Dagger            |       |       |     4 |       ||     4
       Falchion          |       |       |     4 |    22 ||    26
       Kick              |       |       |       |    13 ||    13
 Fire: Hunting sling     |    49 |   152 |    96 |    13 ||   310
 Cast: Magic Dart        |    25 |    22 |    20 |     3 ||    70
       Searing Ray       |     5 |    22 |    55 |    24 ||   106
       Vampiric Draining |       |       |       |     5 ||     5
 Abil: Dig               |     1 |       |       |     1 ||     2
       Shaft Self        |       |     1 |       |       ||     1
  Use: Potion            |       |       |     2 |     2 ||     4
       Scroll            |       |       |       |    10 ||    10
Armor: Robe              |     5 |     8 |     3 |     4 ||    20
       Leather armour    |       |       |     5 |    13 ||    18
Dodge: Dodged            |    16 |    40 |    68 |    27 ||   151
Block: Kite shield       |       |       |    44 |    53 ||    97
